[ AOE2 MATCH · #505195924 ]
UnrankedMongols vs Celts
Player's team · WIN
Rival team · LOSS
[ REPLAY ANALYSIS · EXTRACTED FROM THE RECORDED GAME ]
Feudal
8:25
Castle
20:27
Imperial
—
| APM avg | 76.1 |
| APM peak | 131 |
| eAPM avg | 30.9 |
| Villagers / military | 43 / 21 |
Focus
⚔️ 44.2% · 🌾 55.8%
Archer ×15 · Scout Cavalry ×3 · Steppe Lancer ×2 · Spearman ×1
Feudal
13:00
Castle
17:17
Imperial
—
| APM avg | 51.1 |
| APM peak | 75 |
| eAPM avg | 18.3 |
| Villagers / military | 61 / 13 |
Focus
⚔️ 14.6% · 🌾 85.4%
Skirmisher ×8 · Militia ×3 · Archer ×2
Match map
Initial resources + every placement click. Lines = walls · curves = elevation contours. ◆ gold · ⬟ stone · ● berries · ✦ relic · ◌ wall gap
Your base· Open — opponent sealed themselves in
Riut's base· ✓ Closed at 17:17 · 49t walls · 1 gate(s)
Smoothed initial terrain · ◌ = detected wall gap · hover for details
Inputs per minute
— TUAN - - Riut
Build order — TUAN
132 actions detected in the replay
| 0:00 | Create | Villager (Male) |
| 0:00 | Create | Villager (Male) |
| 0:01 | Create | Villager (Male) |
| 0:01 | Create | Villager (Male) |
| 0:02 | Build | House |
| 0:03 | Build | House |
| 1:24 | Create | Villager (Male) |
| 1:24 | Create | Villager (Male) |
| 1:54 | Build | Lumber Camp |
| 2:02 | Create | Villager (Male) |
| 2:02 | Create | Villager (Male) |
| 2:17 | Create | Villager (Male) |
| 2:18 | Create | Villager (Male) |
| 2:36 | Create | Villager (Male) |
| 3:01 | Create | Villager (Male) |
| 3:40 | Create | Villager (Male) |
| 3:42 | Build | House |
| 3:43 | Build | House |
| 4:05 | Create | Villager (Male) |
| 4:05 | Create | Villager (Male) |
| 4:05 | Create | Villager (Male) |
| 4:23 | Create | Villager (Male) |
| 4:23 | Create | Villager (Male) |
| 4:24 | Create | Villager (Male) |
| 4:24 | Research | Loom |
| 4:45 | Build | Mill |
| 5:58 | Research | Feudal Age |
| 6:34 | Create | Villager (Male) |
| 7:06 | Build | Barracks |
| 7:13 | Build | Barracks |
| 8:06 | Build | House |
| 8:13 | Create | Villager (Male) |
| 8:25 | Age | Feudal Age |
| 8:26 | Build | Stable |
| 8:40 | Build | Palisade Wall |
| 8:43 | Build | Palisade Wall |
| 8:44 | Build | Palisade Wall |
| 8:47 | Build | Palisade Wall |
| 8:52 | Build | Palisade Wall |
| 8:55 | Build | Palisade Wall |
| 8:58 | Build | Palisade Wall |
| 9:01 | Create | Villager (Male) |
| 9:14 | Create | Scout Cavalry |
| 9:15 | Create | Scout Cavalry |
| 9:17 | Create | Spearman |
| 9:21 | Build | Farm |
| 9:29 | Research | Horse Collar |
| 9:31 | Create | Villager (Male) |
| 9:48 | Build | Palisade Wall |
| 9:53 | Create | Villager (Male) |
| 9:54 | Create | Scout Cavalry |
| 10:04 | Build | Farm |
| 10:22 | Create | Villager (Male) |
| 10:24 | Build | Farm |
| 10:34 | Create | Villager (Male) |
| 10:37 | Build | House |
| 10:39 | Build | Farm |
| 10:51 | Create | Villager (Male) |
| 10:58 | Build | House |
| 10:59 | Build | Palisade Wall |
| 11:06 | Build | Palisade Wall |
| 11:07 | Build | Palisade Wall |
| 11:10 | Build | Farm |
| 11:32 | Create | Villager (Male) |
| 11:42 | Build | Archery Range |
| 11:48 | Build | Archery Range |
| 11:54 | Create | Villager (Male) |
| 11:55 | Build | Farm |
| 12:02 | Build | House |
| 12:04 | Build | Palisade Wall |
| 12:08 | Build | Farm |
| 12:16 | Create | Villager (Male) |
| 12:20 | Build | Farm |
| 12:32 | Build | Mining Camp |
| 12:35 | Create | Archer |
| 12:35 | Create | Archer |
| 12:39 | Create | Villager (Male) |
| 12:59 | Build | Farm |
| 13:16 | Create | Villager (Male) |
| 13:18 | Build | Farm |
| 13:31 | Create | Archer |
| 13:31 | Create | Archer |
| 13:32 | Create | Villager (Male) |
| 13:44 | Build | Lumber Camp |
| 13:58 | Create | Villager (Male) |
| 14:00 | Build | Farm |
| 14:21 | Create | Archer |
| 14:22 | Create | Villager (Male) |
| 14:46 | Build | Blacksmith |
| 14:47 | Build | House |
| 14:52 | Create | Villager (Male) |
| 15:09 | Create | Archer |
| 15:12 | Create | Villager (Male) |
| 15:14 | Build | Farm |
| 15:22 | Build | House |
| 15:30 | Create | Villager (Male) |
| 15:32 | Build | House |
| 15:34 | Build | Farm |
| 15:39 | Research | Fletching |
| 15:41 | Create | Villager (Male) |
| 15:43 | Build | Farm |
| 15:55 | Create | Archer |
| 16:22 | Create | Villager (Male) |
| 16:26 | Build | House |
| 16:26 | Build | House |
| 16:41 | Create | Archer |
| 16:46 | Build | Farm |
| 16:51 | Build | Farm |
| 16:56 | Create | Archer |
| 17:11 | Create | Archer |
| 17:12 | Create | Villager (Male) |
| 17:41 | Build | Archery Range |
| 17:47 | Research | Castle Age |
| 18:04 | Create | Archer |
| 18:05 | Create | Archer |
| 18:09 | Research | Gold Mining |
| 18:21 | Build | Palisade Wall |
| 18:25 | Build | Palisade Wall |
| 18:31 | Create | Archer |
| 18:51 | Create | Archer |
| 18:52 | Create | Archer |
| 19:17 | Build | Archery Range |
| 19:34 | Build | Stable |
| 19:35 | Create | Villager (Male) |
| 20:00 | Research | Bloodlines |
| 20:01 | Research | Scale Barding Armor |
| 20:27 | Age | Castle Age |
| 20:33 | Research | Crossbowman (upgrade) |
| 20:52 | Build | Siege Workshop |
| 20:54 | Create | Steppe Lancer |
| 20:54 | Create | Steppe Lancer |
| 20:55 | Create | Villager (Male) |
Build order — Riut
125 actions detected in the replay
| 0:00 | Create | Villager (Male) |
| 0:01 | Create | Villager (Male) |
| 0:01 | Create | Villager (Male) |
| 0:02 | Build | House |
| 0:03 | Build | House |
| 0:24 | Create | Villager (Male) |
| 0:25 | Create | Villager (Male) |
| 1:33 | Create | Villager (Male) |
| 1:33 | Create | Villager (Male) |
| 1:46 | Build | Lumber Camp |
| 1:51 | Build | Lumber Camp |
| 2:02 | Create | Villager (Male) |
| 2:02 | Create | Villager (Male) |
| 2:02 | Create | Villager (Male) |
| 2:02 | Create | Villager (Male) |
| 2:12 | Build | House |
| 2:15 | Create | Villager (Male) |
| 2:15 | Create | Villager (Male) |
| 2:49 | Create | Villager (Male) |
| 2:49 | Create | Villager (Male) |
| 2:49 | Create | Villager (Male) |
| 2:49 | Create | Villager (Male) |
| 3:05 | Create | Villager (Male) |
| 3:05 | Create | Villager (Male) |
| 3:34 | Create | Villager (Male) |
| 3:34 | Create | Villager (Male) |
| 3:34 | Create | Villager (Male) |
| 3:34 | Create | Villager (Male) |
| 3:49 | Create | Villager (Male) |
| 4:22 | Create | Villager (Male) |
| 4:23 | Create | Villager (Male) |
| 4:38 | Build | Barracks |
| 4:49 | Create | Villager (Male) |
| 4:50 | Create | Villager (Male) |
| 4:50 | Create | Villager (Male) |
| 5:09 | Create | Villager (Male) |
| 5:12 | Build | House |
| 5:18 | Build | Palisade Wall |
| 5:38 | Create | Villager (Male) |
| 5:38 | Create | Villager (Male) |
| 5:39 | Create | Villager (Male) |
| 5:56 | Create | Militia |
| 5:56 | Create | Militia |
| 6:17 | Build | Palisade Wall |
| 6:19 | Build | Palisade Wall |
| 6:22 | Build | House |
| 6:24 | Build | Palisade Wall |
| 6:29 | Create | Villager (Male) |
| 6:37 | Create | Militia |
| 7:00 | Create | Villager (Male) |
| 7:21 | Research | Loom |
| 7:22 | Create | Villager (Male) |
| 7:22 | Create | Villager (Male) |
| 8:22 | Create | Villager (Male) |
| 8:22 | Create | Villager (Male) |
| 8:24 | Build | Mill |
| 8:28 | Build | House |
| 8:40 | Build | Palisade Wall |
| 9:06 | Build | Palisade Wall |
| 9:07 | Create | Villager (Male) |
| 9:20 | Build | Palisade Wall |
| 9:22 | Build | Mining Camp |
| 9:26 | Create | Villager (Male) |
| 9:57 | Build | Palisade Wall |
| 10:03 | Create | Villager (Male) |
| 10:40 | Research | Feudal Age |
| 10:43 | Build | Farm |
| 10:43 | Build | Farm |
| 10:46 | Build | Farm |
| 11:00 | Build | Palisade Gate |
| 11:08 | Build | Farm |
| 11:10 | Build | Farm |
| 11:48 | Build | Farm |
| 12:03 | Create | Villager (Male) |
| 12:03 | Create | Villager (Male) |
| 12:17 | Build | Farm |
| 13:00 | Age | Feudal Age |
| 13:05 | Build | Blacksmith |
| 13:08 | Build | Archery Range |
| 13:27 | Create | Villager (Male) |
| 13:47 | Build | Farm |
| 13:50 | Create | Archer |
| 13:57 | Build | House |
| 14:12 | Build | House |
| 14:15 | Build | Palisade Wall |
| 14:37 | Research | Castle Age |
| 14:42 | Create | Archer |
| 15:12 | Research | Double-Bit Axe |
| 15:15 | Research | Fletching |
| 15:38 | Build | Market |
| 15:56 | Build | Farm |
| 16:02 | Research | Padded Archer Armor |
| 16:23 | Create | Skirmisher |
| 16:24 | Create | Skirmisher |
| 16:47 | Build | Archery Range |
| 17:12 | Build | House |
| 17:13 | Build | House |
| 17:17 | Age | Castle Age |
| 17:20 | Create | Villager (Male) |
| 17:40 | Create | Villager (Male) |
| 17:49 | Build | Town Center |
| 17:53 | Create | Villager (Male) |
| 17:56 | Create | Skirmisher |
| 17:57 | Create | Skirmisher |
| 18:24 | Build | House |
| 18:26 | Create | Villager (Male) |
| 18:40 | Create | Skirmisher |
| 18:40 | Create | Skirmisher |
| 18:47 | Build | Lumber Camp |
| 19:01 | Create | Villager (Male) |
| 19:04 | Create | Villager (Male) |
| 19:12 | Create | Villager (Male) |
| 19:12 | Create | Villager (Male) |
| 19:13 | Create | Villager (Male) |
| 19:58 | Build | Town Center |
| 20:04 | Create | Villager (Male) |
| 20:04 | Create | Villager (Male) |
| 20:04 | Create | Villager (Male) |
| 20:04 | Create | Villager (Male) |
| 20:29 | Create | Villager (Male) |
| 20:29 | Create | Villager (Male) |
| 20:47 | Create | Skirmisher |
| 20:47 | Create | Skirmisher |
| 20:47 | Create | Villager (Male) |
| 20:49 | Build | Siege Workshop |
Match timeline
| 4:38 | Riut · first_building Barracks |
| 5:18 | Riut · wall_segment Palisade Wall x1 |
| 6:17 | Riut · wall_segment Palisade Wall x16 |
| 6:19 | Riut · wall_segment Palisade Wall x1 |
| 6:24 | Riut · wall_segment Palisade Wall x4 |
| 7:06 | TUAN · first_building Barracks |
| 8:25 | TUAN · age_up feudal |
| 8:26 | TUAN · first_building Stable |
| 8:40 | Riut · wall_segment Palisade Wall x8 |
| 8:40 | TUAN · wall_segment Palisade Wall x1 |
| 8:43 | TUAN · wall_segment Palisade Wall x1 |
| 8:44 | TUAN · wall_segment Palisade Wall x1 |
| 8:47 | TUAN · wall_segment Palisade Wall x1 |
| 8:52 | TUAN · wall_segment Palisade Wall x1 |
| 8:55 | TUAN · wall_segment Palisade Wall x1 |
| 8:58 | TUAN · wall_segment Palisade Wall x1 |
| 9:06 | Riut · wall_segment Palisade Wall x12 |
| 9:20 | Riut · wall_segment Palisade Wall x1 |
| 9:48 | TUAN · wall_segment Palisade Wall x1 |
| 9:57 | Riut · wall_segment Palisade Wall x5 |
| 10:59 | TUAN · wall_segment Palisade Wall x3 |
| 11:06 | TUAN · wall_segment Palisade Wall x9 |
| 11:07 | TUAN · wall_segment Palisade Wall x1 |
| 11:42 | TUAN · first_building Archery Range |
| 12:04 | TUAN · wall_segment Palisade Wall x2 |
| 13:00 | Riut · age_up feudal |
| 13:08 | Riut · first_building Archery Range |
| 14:15 | Riut · wall_segment Palisade Wall x1 |
| 17:17 | Riut · age_up castle |
| 18:21 | TUAN · wall_segment Palisade Wall x1 |
| 18:25 | TUAN · wall_segment Palisade Wall x16 |
| 20:27 | TUAN · age_up castle |
| 20:49 | Riut · first_building Siege Workshop |
| 20:52 | TUAN · first_building Siege Workshop |
| 20:59 | Riut · resign |
[ AI ANALYSIS · 1 CREDIT ]
What really happened in this match?
Wolo.gg analyzes every decision: build order, eco, micro, common mistakes by bracket. Personalized analysis on WhatsApp or Discord in 30 seconds.
Civ guide
Mongols
Perfil
Jugador #10496191